 Dungeon Crawl Stone Soup version 0.30.1 (webtiles) character file.

Game seed: 17925415531212746598

2673 Graphine the Cleaver (level 9, 0/73 (78) HPs)
             Began as a Hill Orc Fighter on July 3, 2023.
             Was a Priest of Qazlal.
             Slain by a wight
             ... wielding a +5 great sword of freezing
              (2 damage)
             ... on level 7 of the Dungeon.
             The game lasted 00:11:48 (6366 turns).

Graphine the Cleaver (Hill Orc Fighter)             Turns: 6366, Time: 00:11:49

HP:   0/73 (78)     AC: 14    Str: 23    XL:     9   Next: 63%
MP:   15/15         EV:  5    Int:  8    God:    Qazlal [***...]
Gold: 481           SH:  0    Dex: 10    Spells: 8/8 levels left

rFire   . . .        k - +2 broad axe (freeze)
rCold   . . .        j - +0 kite shield
rNeg    . . .        i - +0 plate armour
rPois   .            p - +0 helmet
rElec   .            (no cloak)
rCorr   +            (no gloves)
SInv    .            (no boots)
Will    .....        (no amulet) Stlth
                     r - ring of resist corrosion
HPRegen 0.32/turn    (no ring)
MPRegen 0.14/turn

%: no passive effects
@: confused, ambrosia-drunk, drained
A: no striking features
a: Renounce Religion, Upheaval, Elemental Force


You were on level 7 of the Dungeon.
You worshipped Qazlal.
Qazlal was most pleased with you.
You visited 1 branch of the dungeon, and saw 7 of its levels.
You also visited: Sewer.

You collected 481 gold pieces.

Inventory:

Hand Weapons
 k - a +2 broad axe of freezing (weapon)
 l - a +3 sling
 u - a +2 flail of protection
Missiles
 n - 6 silver javelins (quivered)
Armour
 i - a +0 plate armour (worn)
 j - a +0 kite shield (worn)
 p - a +0 helmet (worn)
Jewellery
 r - a ring of resist corrosion (left hand)
Wands
 h - a wand of digging (6)
 q - a wand of iceblast (5)
 s - a wand of quicksilver (16)
 t - a wand of paralysis (7)
Scrolls
 b - a scroll of blinking
 f - 5 scrolls of teleportation
Potions
 a - 3 potions of brilliance {unknown}
 d - 3 potions of might
 e - a potion of haste
 g - a potion of berserk rage
 m - a potion of mutation {unknown}
 o - 2 potions of curing


   Skills:
 + Level 6.9 Fighting
 * Level 9.3 Axes
 + Level 6.5 Armour
 + Level 6.2 Shields
 * Level 8.5 Invocations


You had 8 spell levels left.
You didn't know any spells.
Your spell library contained the following spells:

 Spells                   Type           Power      Damage    Failure   Level
 Magic Dart               Conj           0%         1d3       100%        1
 Necrotise                Necr           0%         1d4       100%        1
 Call Imp                 Summ           0%         N/A       100%        2
 Lesser Beckoning         Tloc           0%         N/A       100%        2
 Sublimation of Blood     Necr           0%         N/A       100%        2
 Wereblood                Tmut           0%         N/A       100%        2
 Gell's Gravitas          Tloc           0%         N/A       100%        3
 Inner Flame              Hex/Fire       0%         N/A       100%        3
 Mephitic Cloud           Conj/Pois/Air  0%         N/A       100%        3
 Ozocubu's Armour         Ice            0%         N/A       100%        3
 Teleport Other           Tloc           0%         N/A       100%        3
 Vampiric Draining        Necr           0%         2d6       100%        3
 Animate Armour           Summ/Erth      0%         N/A       100%        4
 Olgreb's Toxic Radiance  Pois           0%         N/A       100%        4
 Agony                    Necr           0%         N/A       100%        5
 Alistair's Intoxication  Tmut/Pois      0%         N/A       100%        5
 Blade Hands              Tmut           0%         N/A       100%        5
 Metabolic Englaciation   Hex/Ice        0%         N/A       100%        5
 Iron Shot                Conj/Erth      0%         9d1       100%        6
 Simulacrum               Ice/Necr       0%         N/A       100%        6
 Summon Hydra             Summ           0%         N/A       100%        7


Dungeon Overview and Level Annotations

Branches:
Dungeon (7/15)              Sewer (visited)
 Temple: D:4-7

Altars:
Dithmenos
Kikubaaqudgha
Makhleb
Nemelex Xobeh
Qazlal
Sif Muna
Xom

Shops:
D:5 (


Message History

Unknown command.
Cleave: k) +2 broad axe (freeze)
Press: ? - help, Dir - move target, f/p - wight
Aim: a wight, wielding a +0 short sword and wearing a +0 robe (about 38% to evade your +2 broad axe of freezing)
You slash the wight!
The wight is almost destroyed.
You barely miss the wight. You block the wight's attack.
The wight hits you but does no damage.
Okay, then.
Something shouts, "Escape, thou feeble folly-fallen snake-molt!"
The wight hits you with a +0 short sword.
Things that are here:
a +0 scimitar of protection; a +0 robe You barely miss the wight.
You hit the wight.
You destroy the wight!
Qazlal accepts your kill.
You hit the wight.
The wight hits you with a +1 long sword of freezing.
* * * LOW HITPOINT WARNING * * *
The wight freezes you.
* * * LOW HITPOINT WARNING * * *
You block the wight's attack.
A shadow imp comes into view.
The wight hits you with a +1 long sword of freezing.
* * * LOW HITPOINT WARNING * * *
The wight freezes you.
* * * LOW HITPOINT WARNING * * *
You block the wight's attack. The wight barely misses you.
Unknown command.
You are confused.
You feel invigorated. The wight closely misses you.
The wight hits you with a +3 dagger.
* * * LOW HITPOINT WARNING * * *
You feel drained.
* * * LOW HITPOINT WARNING * * *
The wight closely misses you.
The wight hits you with a +5 great sword of freezing!
* * * LOW HITPOINT WARNING * * *
You feel drained.
You die...

... ..### .# #.... #
.#####...# .##
.#.......##..##
...#........#
#.###.)#
.##.#...zz.# ###
........@z)# ##.##
....##§.z.## #...#
...:....†...# #>.<#
......###.#.####..##
...... #.#.......#
...5.
#.##.##..)###.#
.....
#.##..#...)...# ....
#..##)..?###..# ....
##. ##...# ....


You could see 4 wights and a shadow imp.

Vanquished Creatures
  A two-headed ogre (D:6)
  Maggie (D:7)
  Eustachio (D:4)
  Duvessa (D:4)
  An ice beast (D:7)
  An ogre (D:6)
  A centaur (D:6)
  3 bullfrogs
  A gnoll sergeant (D:7)
  3 scorpions
  4 wights (D:7)
  Dowan (D:4)
  A howler monkey (D:5)
  Ijyb (D:4)
  A hound (D:4)
  A gnoll bouda (D:5)
  2 iguanas
  4 sleepcaps
  Natasha (twice) (D:2)
  An orc wizard (D:3)
  7 gnolls
  A river rat (D:6)
  5 adders
  A shadow imp (D:6)
  3 worms
  15 orcs
  14 endoplasms
  13 giant cockroaches
  4 goblins
  6 hobgoblins
  8 jackals
  9 kobolds
  7 quokkas
  14 ball pythons
  6 bats
  9 frilled lizards
  7 rats
161 creatures vanquished.

Vanquished Creatures (others)
  A gnoll (D:7)
1 creature vanquished.

Grand Total: 162 creatures vanquished

Notes
Turn   | Place    | Note
-------+----------+-------------------------------------------
     0 | D:1      | Graphine the Hill Orc Fighter began the quest for the Orb.
     0 | D:1      | Reached XP level 1. HP: 19/19 MP: 1/1
   152 | D:1      | Reached skill level 3 in Axes
   152 | D:1      | Reached XP level 2. HP: 27/27 MP: 2/2
   763 | D:2      | Found a stormy altar of Qazlal.
   773 | D:2      | Became a worshipper of Qazlal Stormbringer
   919 | D:2      | Reached XP level 3. HP: 17/33 MP: 3/3
  1633 | D:2      | Noticed Natasha
  1641 | D:2      | Killed Natasha
  1642 | D:2      | Reached skill level 4 in Axes
  1642 | D:2      | Reached skill level 1 in Invocations
  1642 | D:2      | Reached XP level 4. HP: 27/40 MP: 4/4
  1893 | D:2      | Noticed Natasha
  1903 | D:2      | Killed Natasha
  2067 | D:2      | Reached * piety under Qazlal
  2283 | D:3      | Reached XP level 5. HP: 12/47 MP: 6/6
  2464 | D:3      | Got Sif Muna's Dissertation on Peccant Oxidation
  2566 | D:3      | Found a sparkling altar of Nemelex Xobeh.
  2566 | D:3      | Found a burning altar of Makhleb.
  2633 | D:3      | Found a shimmering altar of Xom.
  2972 | D:3      | Found an ancient bone altar of Kikubaaqudgha.
  2993 | D:3      | Found a shimmering blue altar of Sif Muna.
  3263 | D:4      | Noticed Dowan
  3264 | D:4      | Noticed Duvessa
  3275 | D:4      | Killed Duvessa
  3276 | D:4      | Reached skill level 5 in Axes
  3276 | D:4      | Reached XP level 6. HP: 19/53 MP: 6/8
  3276 | D:4      | Killed Dowan
  3445 | D:4      | Noticed Ijyb
  3453 | D:4      | Killed Ijyb
  3473 | D:4      | Found a shadowy altar of Dithmenos.
  3497 | D:4      | Reached ** piety under Qazlal
  3535 | D:4      | Reached XP level 7. HP: 60/60 MP: 9/9
  3568 | D:4      | Reached skill level 5 in Fighting
  3671 | D:4      | Noticed Eustachio
  3694 | D:4      | Killed Eustachio
  3695 | D:4      | Reached skill level 6 in Axes
  4167 | D:4      | Identified a scroll of acquirement
  4167 | D:4      | Acquired a +2 broad axe of freezing
  4172 | D:5      | Entered Level 5 of the Dungeon
  4404 | D:5      | Reached skill level 5 in Armour
  4460 | D:5      | Found Qegenit's Antique Weapon Emporium.
  4624 | D:5      | Reached skill level 5 in Invocations
  5007 | D:6      | Found a glowing drain.
  5014 | Sewer    | Entered a sewer
  5156 | Sewer    | Reached *** piety under Qazlal
  5200 | Sewer    | Reached XP level 8. HP: 69/69 MP: 11/11
  5265 | Sewer    | Reached skill level 5 in Shields
  5333 | D:6      | Reached skill level 7 in Axes
  5475 | D:6      | Noticed a two-headed ogre
  5486 | D:6      | Killed a two-headed ogre
  5487 | D:6      | Reached skill level 8 in Axes
  5487 | D:6      | Reached XP level 9. HP: 36/75 MP: 12/14
  6325 | D:7      | Noticed Maggie
  6325 | D:7      | Paralysed by Maggie for 5 turns
  6335 | D:7      | Paralysed by Maggie for 5 turns
  6337 | D:7      | Killed Maggie
  6338 | D:7      | Reached skill level 9 in Axes
  6366 | D:7      | HP: 2/76 [wight/+5 great sword of freezing (15)]
  6366 | D:7      | Slain by a wight

Illustrated notes

Levels and vault maps discovered:
D:1:      lightli_arrival_chessboard, layout_loops_ring
D:2:      kennysheep_six_static_rooms, layout_basic, serial_co_window_serial,
          co_window_paths_b, co_window_corner_a, co_window_paths_b,
          co_window_of_opportunity_a, co_window_paths_b, co_window_2corner,
          co_window_cross_2, co_window_of_opportunity_b, co_window_corner_b,
          co_window_cross_2, co_window_2corner, co_window_paths_e, basic_altar,
          grunt_ministairs_14, minmay_misc_feat_cross, minmay_close_crescents,
          uniq_natasha
D:3:      layout_basic, brannock_xom_greatest_gift, mainiacjoe_overflow_swirl,
          nicolae_overflow_two_pavilions, st_stairs_6,
          chequers_serial_rivers_small_3
D:4:      layout_basic, grunt_dithmenos_smoke, uniq_duvessa, uniq_ijyb,
          uniq_eustachio
D:5:      layout_loops_corners, serial_shops, shop, solitary_fountain,
          uniq_crazy_yiuf_cottage
D:6:      layout_cave_pods, portal_sewer_entry_e, st_stairs_7
D:7:      layout_rooms, mainiacjoe_overflow_alcove_4, minmay_temple_entry_glass,
          minivault_22, nicolae_figureground_sparkle, uniq_maggie, uniq_pikel

Skill      XL: |  1  2  3  4  5  6  7  8  9 |
---------------+----------------------------+-----
Axes           | 3 4 5 6 8 9 |  9.3
Fighting       | 4 5 6 |  6.9
Invocations    | 1 3 5 7 8 |  8.5
Armour         | 4 5 6 |  6.5
Shields        | 4 5 6 |  6.2

Action                     |  1- 3 |  4- 6 |  7- 9 || total
---------------------------+-------+-------+-------++-------
  Melee: War axe           |   106 |   108 |    42 ||   256
         Broad axe         |       |       |   185 ||   185
  Evoke: Wand              |       |       |     1 ||     1
    Use: Scroll            |     3 |     2 |     8 ||    13
         Potion            |       |     2 |     2 ||     4
 Armour: Scale mail        |    41 |    26 |       ||    67
         Plate armour      |       |    21 |   128 ||   149
  Dodge: Dodged            |    43 |    19 |    56 ||   118
  Block: Buckler           |     9 |       |       ||     9
         Kite shield       |    29 |    49 |   178 ||   256
